PBL
AMERICUS BRAVES @ COLORADO AVALANCHE
10/25/2046
 
TOP OF THE 1ST
University of Conneticut Huskies batting - Pitching for Wichita State University Shockers : LHP Dave Rivera
Pitching: LHP Dave Rivera
Batting: RHB Chris Martin 0-0: Ball
1-0: Swinging Strike
1-1: Foul Ball, location: 2F
1-2: Foul Ball, location: 2F
1-2: Strikes out looking
Batting: RHB Jason Gregor 0-0: Called Strike
0-1: Ball
1-1: Foul Ball, location: 2F
1-2: Foul Ball, location: 2F
1-2: SINGLE (Flyball, 8RS, EV 82.5 MPH)
Batting: RHB Reginald McDougall 0-0: Ball
1-0: Called Strike
1-1: Fly out, F7 (Line Drive, 7D, EV 85.6 MPH)
Batting: LHB Nate Conley 0-0: Called Strike
0-1: Ball
1-1: Ball
2-1: Ball
3-1: Base on Balls
Jason Gregor to second
Batting: SHB Matt Urbani 0-0: Ball
1-0: Called Strike
1-1: Foul Ball, location: 2F
1-2: Strikes out looking
Top of the 1st over - 0 runs, 1 hit, 0 errors, 2 left on base; University of Conneticut 0 - Wichita State University 0
BOTTOM OF THE 1ST
Wichita State University Shockers batting - Pitching for University of Conneticut Huskies : LHP Nick Suggett
Pitching: LHP Nick Suggett
Batting: RHB Mike Savage 0-0: Ball
1-0: Foul Ball, location: 2F
1-1: SINGLE (Line Drive, 7S, EV 92.5 MPH)
Batting: RHB Juan Caban 0-0: Called Strike
0-1: Swinging Strike
0-2: Strikes out swinging
Batting: RHB Malik Brookshire 0-0: Foul Ball, location: 2F
0-1: Swinging Strike
0-2: Ball
1-2: Foul Ball, location: 2F
1-2: Ball
2-2: Foul Ball, location: 2F
2-2: Fly out, F8 (Line Drive, 8RM, EV 98.1 MPH)
Batting: LHB Terry Ebersole 0-0: SINGLE (Groundball, 56D, EV 115.6 MPH)
Mike Savage to second
Batting: RHB Jimmy Mayville 0-0: Foul Ball, location: 2F
0-1: Ball
1-1: Ball
2-1: Ball
3-1: 3-RUN HOME RUN (Flyball, 89XD, EV 98.8 MPH), Distance : 434 ft
Batting: LHB Bobby Arevalo 0-0: Fly out, F8 (Flyball, 78D, EV 87.5 MPH)
Bottom of the 1st over - 3 runs, 3 hits, 0 errors, 0 left on base; University of Conneticut 0 - Wichita State University 3
TOP OF THE 2ND
University of Conneticut Huskies batting - Pitching for Wichita State University Shockers : LHP Dave Rivera
Batting: LHB Mark Huey 0-0: Ball
1-0: Ball
2-0: Foul Ball, location: 2F
2-1: Ground out U3 (Groundball, 34, EV 82.5 MPH)
Batting: LHB Dan Morris 0-0: Ball
1-0: Ball
2-0: Fly out, F8 (Flyball, 8RM, EV 91.3 MPH)
Batting: LHB Jon Pope 0-0: Called Strike
0-1: Foul Ball, location: 2F
0-2: Strikes out swinging
Top of the 2nd over - 0 runs, 0 hits, 0 errors, 0 left on base; University of Conneticut 0 - Wichita State University 3
BOTTOM OF THE 2ND
Wichita State University Shockers batting - Pitching for University of Conneticut Huskies : LHP Nick Suggett
Batting: RHB Scott Wiggs 0-0: Called Strike
0-1: Ball
1-1: Ball
2-1: Ball
3-1: Called Strike
3-2: Foul Ball, location: 2F
3-2: Foul Ball, location: 2F
3-2: Ground out 4-3 (Groundball, 4, EV 93.1 MPH)
Batting: LHB Takatsugu Ishikawa 0-0: Called Strike
0-1: Ball
1-1: Ball
2-1: Ball
3-1: Foul Ball, location: 2F
3-2: Strikes out swinging
Batting: LHB Dave Rivera 0-0: Called Strike
0-1: Ball
1-1: Swinging Strike
1-2: Strikes out swinging
Bottom of the 2nd over - 0 runs, 0 hits, 0 errors, 0 left on base; University of Conneticut 0 - Wichita State University 3
TOP OF THE 3RD
University of Conneticut Huskies batting - Pitching for Wichita State University Shockers : LHP Dave Rivera
Batting: LHB Nick Suggett 0-0: Ball
1-0: Foul Ball, location: 2F
1-1: Foul Ball, location: 2F
1-2: Ball
2-2: Strikes out swinging
Batting: RHB Chris Martin 0-0: Called Strike
0-1: Foul Ball, location: 2F
0-2: Strikes out swinging
Batting: RHB Jason Gregor 0-0: Ball
1-0: Ball
2-0: SINGLE (Groundball, 6S, EV 67.5 MPH) (infield hit)
Batting: RHB Reginald McDougall 0-0: Called Strike
0-1: Ball
1-1: Called Strike
Jason Gregor is caught stealing 2nd base 2-4
Top of the 3rd over - 0 runs, 1 hit, 0 errors, 0 left on base; University of Conneticut 0 - Wichita State University 3
BOTTOM OF THE 3RD
Wichita State University Shockers batting - Pitching for University of Conneticut Huskies : LHP Nick Suggett
Batting: RHB Mike Savage 0-0: Ball
1-0: Called Strike
1-1: Ground out U3 (Groundball, 3, EV 101.9 MPH)
Batting: RHB Juan Caban 0-0: Ball
1-0: Foul Ball, location: 2F
1-1: Swinging Strike
1-2: Foul Ball, location: 2F
1-2: Ball
2-2: Strikes out swinging
Batting: RHB Malik Brookshire 0-0: Foul Ball, location: 2F
0-1: Ball
1-1: Ball
2-1: Swinging Strike
2-2: Ball
3-2: Fly out, F8 (Flyball, 8RXD, EV 89.4 MPH)
Bottom of the 3rd over - 0 runs, 0 hits, 0 errors, 0 left on base; University of Conneticut 0 - Wichita State University 3
TOP OF THE 4TH
University of Conneticut Huskies batting - Pitching for Wichita State University Shockers : LHP Dave Rivera
Batting: RHB Reginald McDougall 0-0: DOUBLE (Line Drive, 9LS, EV 106.9 MPH)
Batting: LHB Nate Conley 0-0: Called Strike
0-1: Foul Ball, location: 2F
0-2: Foul Ball, location: 2F
0-2: Ball
1-2: Ground out 6-3 (Groundball, P, EV 83.8 MPH)
Reginald McDougall to third
Batting: SHB Matt Urbani 0-0: Ball
1-0: Swinging Strike
1-1: Ball
2-1: Foul Ball, location: 2F
2-2: Strikes out looking
Batting: LHB Mark Huey 0-0: Called Strike
0-1: Ball
1-1: Swinging Strike
1-2: Ball
Wild Pitch!
Reginald McDougall scores
2-2: Foul Ball, location: 2F
2-2: Foul Ball, location: 2F
2-2: Ball
3-2: Strikes out swinging
Top of the 4th over - 1 run, 1 hit, 0 errors, 0 left on base; University of Conneticut 1 - Wichita State University 3
BOTTOM OF THE 4TH
Wichita State University Shockers batting - Pitching for University of Conneticut Huskies : LHP Nick Suggett
Batting: LHB Terry Ebersole 0-0: Ball
1-0: Ball
2-0: Ground out U3 (Groundball, 3, EV 81.9 MPH)
Batting: RHB Jimmy Mayville 0-0: Ball
1-0: Ball
2-0: Ball
3-0: Base on Balls
Batting: LHB Bobby Arevalo 0-0: SINGLE (Groundball, 3D, EV 98.8 MPH)
Jimmy Mayville to second
Batting: RHB Scott Wiggs 0-0: Called Strike
0-1: 3-RUN HOME RUN (Flyball, 7LD, EV 89.4 MPH), Distance : 371 ft
Pitching: RHP Aaron Escamilla
Batting: LHB Takatsugu Ishikawa 0-0: Swinging Strike
0-1: Foul Ball, location: 2F
0-2: Ball
1-2: Ball
2-2: Foul Ball, location: 2F
2-2: Foul Ball, location: 2F
2-2: Foul Ball, location: 2F
2-2: Ball
3-2: Fly out, F9 (Flyball, 89S, EV 88.8 MPH)
Batting: LHB Dave Rivera 0-0: Ground out 6-3 (Groundball, 6, EV 93.8 MPH)
Bottom of the 4th over - 3 runs, 2 hits, 0 errors, 0 left on base; University of Conneticut 1 - Wichita State University 6
TOP OF THE 5TH
University of Conneticut Huskies batting - Pitching for Wichita State University Shockers : LHP Dave Rivera
Batting: LHB Dan Morris 0-0: Fly out, F7 (Line Drive, 7, EV 105.0 MPH)
Batting: LHB Jon Pope 0-0: Called Strike
0-1: Swinging Strike
0-2: Ball
1-2: Ball
2-2: Fly out, F2 (Popup, 3SF, EV 89.4 MPH)
Batting: RHB Aaron Escamilla 0-0: Called Strike
0-1: Ball
1-1: Ball
2-1: Called Strike
2-2: Ball
3-2: Fly out, F8 (Flyball, 8RM, EV 91.3 MPH)
Top of the 5th over - 0 runs, 0 hits, 0 errors, 0 left on base; University of Conneticut 1 - Wichita State University 6
BOTTOM OF THE 5TH
Wichita State University Shockers batting - Pitching for University of Conneticut Huskies : RHP Aaron Escamilla
Batting: RHB Mike Savage 0-0: Called Strike
0-1: Foul Ball, location: 2F
0-2: Ball
1-2: Ball
2-2: Foul Ball, location: 2F
2-2: Foul Ball, location: 2F
2-2: Ground out 6-3 (Groundball, 6S, EV 72.5 MPH)
Batting: RHB Juan Caban 0-0: Swinging Strike
0-1: Swinging Strike
0-2: Fly out, F9 (Flyball, 89M, EV 86.9 MPH)
Batting: RHB Malik Brookshire 0-0: Ball
1-0: Called Strike
1-1: Swinging Strike
1-2: Ball
2-2: Ball
3-2: Fly out, F3 (Popup, 3F, EV 64.4 MPH)
Bottom of the 5th over - 0 runs, 0 hits, 0 errors, 0 left on base; University of Conneticut 1 - Wichita State University 6
TOP OF THE 6TH
University of Conneticut Huskies batting - Pitching for Wichita State University Shockers : LHP Dave Rivera
Pitching: RHP Matt Olson
Batting: RHB Chris Martin 0-0: Swinging Strike
0-1: Foul Ball, location: 2F
0-2: Strikes out swinging
Batting: RHB Jason Gregor 0-0: Ball
1-0: Foul Ball, location: 2F
1-1: Foul Ball, location: 2F
1-2: Ground out 4-3 (Groundball, 4, EV 83.1 MPH)
Batting: RHB Reginald McDougall 0-0: Ground out 6-3 (Groundball, 6D, EV 86.9 MPH)
Top of the 6th over - 0 runs, 0 hits, 0 errors, 0 left on base; University of Conneticut 1 - Wichita State University 6
BOTTOM OF THE 6TH
Wichita State University Shockers batting - Pitching for University of Conneticut Huskies : RHP Aaron Escamilla
Batting: LHB Terry Ebersole 0-0: Ground out 4-3 (Groundball, 4, EV 91.3 MPH)
Batting: RHB Jimmy Mayville 0-0: Called Strike
0-1: Ball
1-1: Ball
2-1: Called Strike
2-2: DOUBLE (Line Drive, 78M, EV 105.0 MPH)
Batting: LHB Bobby Arevalo 0-0: Ball
1-0: Called Strike
1-1: Ball
2-1: Hit by Pitch
Batting: RHB Scott Wiggs 0-0: Foul Ball, location: 2F
0-1: Ball
1-1: Swinging Strike
1-2: Foul Ball, location: 2F
1-2: Foul Ball, location: 2F
1-2: Fielders Choice at 2nd, 4-6 (Groundball, 4S, EV 88.1 MPH)
Jimmy Mayville to third
Batting: LHB Takatsugu Ishikawa 0-0: Ball
1-0: Called Strike
1-1: Called Strike
1-2: Foul Ball, location: 2F
1-2: Fly out, F6 (Popup, 6D, EV 58.8 MPH)
Bottom of the 6th over - 0 runs, 1 hit, 0 errors, 2 left on base; University of Conneticut 1 - Wichita State University 6
TOP OF THE 7TH
University of Conneticut Huskies batting - Pitching for Wichita State University Shockers : RHP Matt Olson
Batting: LHB Nate Conley 0-0: Ball
1-0: Called Strike
1-1: SINGLE (Groundball, 6MD, EV 108.1 MPH)
Batting: SHB Matt Urbani 0-0: Ball
1-0: Foul Ball, location: 2F
1-1: Grounds into double play, 1-6-3 (Groundball, 34S, EV 61.3 MPH)
Batting: LHB Mark Huey 0-0: Fly out, F7 (Flyball, 7, EV 89.4 MPH)
Top of the 7th over - 0 runs, 1 hit, 0 errors, 0 left on base; University of Conneticut 1 - Wichita State University 6
BOTTOM OF THE 7TH
Wichita State University Shockers batting - Pitching for University of Conneticut Huskies : RHP Aaron Escamilla
Pinch Hitting: RHB Jason Peyton 0-0: Called Strike
0-1: Swinging Strike
0-2: Ball
1-2: Foul Ball, location: 2F
1-2: Strikes out swinging
Batting: RHB Mike Savage 0-0: Ball
1-0: Ball
2-0: Foul Ball, location: 2F
2-1: Ball
3-1: Ground out 6-3 (Groundball, 6M, EV 78.1 MPH)
Batting: RHB Juan Caban 0-0: Ground out 6-3 (Groundball, 6, EV 88.8 MPH)
Bottom of the 7th over - 0 runs, 0 hits, 0 errors, 0 left on base; University of Conneticut 1 - Wichita State University 6
TOP OF THE 8TH
University of Conneticut Huskies batting - Pitching for Wichita State University Shockers : RHP Matt Olson
Pitching: RHP Zach Wilson
Batting: LHB Dan Morris 0-0: Ball
1-0: Foul Ball, location: 2F
1-1: Ground out 4-3 (Groundball, 34D, EV 86.9 MPH)
Batting: LHB Jon Pope 0-0: Called Strike
0-1: Ball
1-1: Swinging Strike
1-2: Foul Ball, location: 2F
1-2: Ball
2-2: Ball
3-2: Strikes out swinging
Pinch Hitting: LHB Fred Huber 0-0: Swinging Strike
0-1: Foul Ball, location: 2F
0-2: Ball
1-2: Strikes out swinging
Top of the 8th over - 0 runs, 0 hits, 0 errors, 0 left on base; University of Conneticut 1 - Wichita State University 6
BOTTOM OF THE 8TH
Wichita State University Shockers batting - Pitching for University of Conneticut Huskies : RHP Aaron Escamilla
Pitching: LHP Jared Tincher
Batting: RHB Malik Brookshire 0-0: Called Strike
0-1: Swinging Strike
0-2: Ball
1-2: Ball
2-2: Ball
3-2: Ground out U3 (Groundball, 34, EV 84.4 MPH)
Pitching: RHP Tatsuhito Shiota
Batting: LHB Terry Ebersole 0-0: Called Strike
0-1: Swinging Strike
0-2: Fly out, F8 (Flyball, 8RS, EV 91.3 MPH)
Batting: RHB Jimmy Mayville 0-0: Ball
1-0: Called Strike
1-1: Called Strike
1-2: Ball
2-2: Ball
3-2: Fly out, F8 (Line Drive, 8RD, EV 87.5 MPH)
Bottom of the 8th over - 0 runs, 0 hits, 0 errors, 0 left on base; University of Conneticut 1 - Wichita State University 6
TOP OF THE 9TH
University of Conneticut Huskies batting - Pitching for Wichita State University Shockers : RHP Zach Wilson
Batting: RHB Chris Martin 0-0: Called Strike
0-1: Ball
1-1: Ball
2-1: Called Strike
2-2: Strikes out swinging
Batting: RHB Jason Gregor 0-0: Called Strike
0-1: Foul Ball, location: 2F
0-2: Ball
1-2: Ball
2-2: Ball
3-2: Base on Balls
Batting: RHB Reginald McDougall 0-0: Ball
1-0: Called Strike
1-1: SINGLE (Flyball, 4MD, EV 84.4 MPH)
Jason Gregor to second
Batting: LHB Nate Conley 0-0: Ball
1-0: Foul Ball, location: 2F
1-1: Ball
2-1: Swinging Strike
2-2: Ball
3-2: Foul Ball, location: 2F
3-2: Base on Balls
Jason Gregor to third
Reginald McDougall to second
Batting: SHB Matt Urbani 0-0: Grounds into double play, 5-4-3 (Groundball, 56, EV 80.0 MPH)
Top of the 9th over - 0 runs, 1 hit, 0 errors, 2 left on base; University of Conneticut 1 - Wichita State University 6
Tuesday, September 13th , 2022 - OOTP Baseball 23.7 Build 88